 Dungeon Crawl Stone Soup version 0.19-a0-1907-gcff654f (webtiles) character file.

4855 Djon the Cleaver (level 10, -3/85 HPs)
             Began as a Formicid Fighter on Oct 22, 2016.
             Was an Elder of Okawaru.
             Slain by a wolf spider zombie (6 damage)
             ... on level 7 of the Dungeon.
             The game lasted 00:14:15 (5948 turns).

Djon the Cleaver (Formicid Fighter)                 Turns: 5948, Time: 00:14:17

Health: -3/85      AC: 10    Str: 26    XL:     10   Next: 78%
Magic:  10/10      EV:  6    Int:  8    God:    Okawaru [****..]
Gold:   362        SH: 12    Dex: 10    Spells: 0 memorised, 9 levels left

rFire  . . .     SeeInvis +     D - +0 battleaxe
rCold  . . .     Gourm    .     z - +0 chain mail
rNeg   . . .     Faith    .     t - +2 shield
rPois  .         Spirit   .     (helmet unavailable)
rElec  .         Reflect  .     B - +0 cloak
rCorr  +         Harm     .     (no gloves)
MR     +....                    (no boots)
Stlth  ..........               l - amulet of regeneration
                                y - ring of resist corrosion
                                r - +2 ring of strength

@: no status effects
A: permanent stasis, dig shafts and tunnels, four strong arms, antennae 3, low
mp 1, MP-powered wands
a: Dig, Shaft Self, Heroism, Renounce Religion


You were on level 7 of the Dungeon.
You worshipped Okawaru.
Okawaru was greatly pleased with you.
You were not hungry.

You visited 1 branch of the dungeon, and saw 7 of its levels.
You also visited: Sewer.

You collected 362 gold pieces.

Inventory:

Hand Weapons
 D - a +0 battleaxe (weapon)
Armour
 t - a +2 shield (worn)
 z - a +0 chain mail (worn)
 B - a +0 cloak (worn)
Jewellery
 l - an amulet of regeneration (around neck)
 r - a +2 ring of strength (left hand)
 y - a ring of resist corrosion (right hand)
Scrolls
 b - a scroll of vulnerability {unknown}
 e - a scroll of identify
 i - 2 scrolls of amnesia {unknown}
 j - a scroll of recharging
 k - 5 scrolls of remove curse
 n - a scroll of blinking {unknown}
 p - a scroll of fog {unknown}
 q - a scroll of enchant armour {unknown}
 s - 2 scrolls of noise {unknown}
 w - a scroll of magic mapping
 x - a scroll of holy word {unknown}
 A - a scroll of teleportation {unknown}
 C - a scroll of fear {unknown}
Potions
 c - 6 potions of agility
 d - 3 potions of might
 m - a potion of invisibility
 u - 6 potions of curing
 v - 2 potions of brilliance
Comestibles
 f - 2 bread rations
 g - 2 slices of pizza
 h - 3 chunks of flesh
 o - 2 meat rations


   Skills:
 - Level 10.0 Fighting
 * Level 12.1 Axes
 - Level 3.2 Armour
 - Level 3.6 Shields
 + Level 2.2 Invocations


You had 9 spell levels left.
You didn't know any spells.

Dungeon Overview and Level Annotations

Branches:
Dungeon (7/15)             Temple (0/1) D:7

Altars:
Dithmenos
Fedhas
Makhleb
Okawaru
Qazlal
Sif Muna
Trog
Xom

Shops:
D:4 *   D:7 ((


Innate Abilities, Weirdness & Mutations

You are under a permanent stasis effect.
You can dig through walls and to a lower floor.
Your four strong arms can wield two-handed weapons with a shield.
You have a pair of large antennae on your head. (SInv)
Your magical capacity is low. (-10% MP)
You expend magic power (3 MP) to strengthen your wands.


Message History

The wolf spider zombie barely misses you.
The wolf spider zombie bites you but does no damage.
Your chain mail prevents you from hitting the wolf spider zombie.
The wolf spider zombie is severely damaged.
The wolf spider zombie hits you!
* * * LOW HITPOINT WARNING * * *
The wolf spider zombie bites you!
* * * LOW HITPOINT WARNING * * *
You feel better.
You block the wolf spider zombie's attack.
The wolf spider zombie bites you!
* * * LOW HITPOINT WARNING * * *
The wolf spider zombie hits you but does no damage.
You block the wolf spider zombie's attack.
Items here: )) [[ a dagger of speed; a robe; a dagger; a robe The wolf spider zombie hits you.
* * * LOW HITPOINT WARNING * * *
The wolf spider zombie bites you.
You die...

. .....#.###.# ..#
#.#..#.#...
....#########.#......#####
......... ....>...........
. #..<...#####...##....###
#..##........#....#
##.........>....#.#
##Z).......##..# ..
##@#.......# ..# #
#..#.......# #... #
##.##.........###.# # #
#..#########.## .# ##.#
##.## .# #
.#.##########..# ..
..............### .##
...########.....# P..#
##..###....#


You could see a wolf spider zombie.

Vanquished Creatures
  The ghost of GlassEater the Spear-Bearer, a novice MfGl of the Shining One (D:6)
  3 centaur zombies (D:7)
  2 hellwings (D:6)
  A meliai zombie (D:7)
  A wyvern (D:3)
  2 sky beasts (D:6)
  2 phantoms
  2 centaurs
  2 big kobolds (Sewer)
  3 bullfrogs
  A scorpion (D:6)
  A wight (D:7)
  4 howler monkeys
  2 crimson imps
  Crazy Yiuf (D:6)
  2 bullfrog zombies
  A centaur skeleton (D:5)
  2 gnoll shamans (D:5)
  3 hounds
  2 jellies
  An orc priest (D:2)
  5 orc wizards
  4 iguanas
  6 worker ants
  A killer bee zombie (D:6)
  A hound skeleton (D:6)
  A hound zombie (D:6)
  A worker ant zombie (D:6)
  A howler monkey skeleton (D:5)
  13 adders
  10 gnolls (D:5)
  6 river rats
  5 shadow imps
  An ooze (D:5)
  2 adder skeletons
  6 worms
  A dart slug (D:2)
  6 leopard geckos
  6 orcs
  5 ball pythons
  8 bats
  8 giant cockroaches
  13 goblins
  9 hobgoblins
  8 jackals
  26 kobolds
  6 quokkas
  8 frilled lizards
  A leopard gecko skeleton (D:6)
  26 rats
233 creatures vanquished.

Notes
Turn   | Place    | Note
-------+----------+-------------------------------------------
     0 | D:1      | Djon the Formicid Fighter began the quest for the Orb.
     0 | D:1      | Reached XP level 1. HP: 18/18 MP: 1/1
   162 | D:1      | Reached XP level 2. HP: 24/24 MP: 2/2
   556 | D:1      | Reached XP level 3. HP: 30/30 MP: 3/3
   783 | D:2      | Reached skill level 3 in Axes
   808 | D:2      | Reached XP level 4. HP: 32/37 MP: 4/4
   877 | D:2      | Found a faded altar of an unknown god.
  1362 | D:2      | Reached XP level 5. HP: 43/43 MP: 5/5
  1545 | D:3      | Noticed a bullfrog
  1550 | D:2      | Reached skill level 4 in Axes
  1562 | D:3      | Killed a bullfrog
  1562 | D:3      | Reached skill level 5 in Fighting
  1562 | D:3      | Reached XP level 6. HP: 24/51 MP: 6/6
  1742 | D:3      | Found an iron altar of Okawaru.
  1753 | D:3      | Became a worshipper of Warmaster Okawaru
  1785 | D:3      | Reached skill level 5 in Axes
  1869 | D:3      | Found a bloodstained altar of Trog.
  1879 | D:3      | Noticed a wyvern
  1890 | D:3      | Killed a wyvern
  1890 | D:3      | Reached XP level 7. HP: 8/57 MP: 7/7
  2210 | D:3      | Found a stormy altar of Qazlal.
  2210 | D:3      | Found a blossoming altar of Fedhas.
  2211 | D:3      | Found a shimmering altar of Xom.
  2328 | D:4      | Reached skill level 6 in Axes
  2378 | D:4      | Reached * piety under Okawaru
  2523 | D:4      | Found Witow's General Store.
  2619 | D:4      | Got a turquoise-encrusted leather armour
  2630 | D:4      | Identified the cursed +1 leather armour of Quantum Leap {rPois MR+ Str+7} (You found it on level 4 of the Dungeon)
  2724 | D:4      | Found a burning altar of Makhleb.
  2873 | D:4      | Reached XP level 8. HP: 46/65 MP: 8/8
  3037 | D:5      | Entered Level 5 of the Dungeon
  3106 | D:5      | Reached skill level 7 in Axes
  3176 | D:5      | Found a glowing drain.
  3252 | Sewer    | Entered a sewer
  3528 | Sewer    | Reached ** piety under Okawaru
  3528 | Sewer    | Reached skill level 8 in Axes
  4164 | D:5      | Found a shadowy altar of Dithmenos.
  4292 | D:5      | Reached XP level 9. HP: 72/72 MP: 9/9
  4549 | D:6      | Found a runed door.
  4553 | D:6      | Noticed Crazy Yiuf
  4561 | D:6      | Killed Crazy Yiuf
  4723 | D:6      | Reached skill level 9 in Axes
  4736 | D:6      | Gained mutation: You expend magic power (3 MP) to strengthen your wands. [mutagenic meat]
  4737 | D:6      | Gained mutation: Your magical capacity is low. (-10% MP) [mutagenic meat]
  4818 | D:6      | Noticed GlassEater's ghost (novice MfGl)
  4870 | D:6      | Killed GlassEater's ghost
  4870 | D:6      | Reached *** piety under Okawaru
  4870 | D:6      | Reached skill level 10 in Axes
  5181 | D:6      | Found a deep blue altar of Sif Muna.
  5203 | D:7      | Noticed a hellwing
  5208 | D:7      | Noticed a hellwing
  5315 | D:6      | Killed a hellwing
  5315 | D:6      | Reached XP level 10. HP: 19/83 MP: 6/9
  5518 | D:6      | Reached skill level 11 in Axes
  5758 | D:7      | Found Olala's Antique Weapon Shoppe.
  5797 | D:7      | Found Hyilem's Weapon Shop.
  5828 | D:7      | Found a staircase to the Ecumenical Temple.
  5842 | D:7      | Reached **** piety under Okawaru
  5848 | D:7      | Reached skill level 10 in Fighting
  5892 | D:7      | Reached skill level 1 in Invocations
  5901 | D:7      | Reached skill level 12 in Axes
  5944 | D:7      | HP: 3/85 [wolf spider zombie (7)]
  5948 | D:7      | Slain by a wolf spider zombie

Vault maps used:
D:1:      scummos_arrival_star, minmay_tripent
D:2:      ecumenical_altar_2, minmay_tetromino_s2
D:3:      bloody_trog, okawaru_trees_2, gammafunk_temple_overflow_forgotten
D:4:      kennysheep_mini, serial_shops, nicolae_shop_behind_doors
D:5:      first_bread, portal_sewer_entry_c, serial_park_tiny_1,
          grunt_dithmenos_shadows
D:6:      lemuel_blue_sif_altar, uniq_crazy_yiuf_cottage
D:7:      cheibrodos_grave_circle, serial_shops, kennysheep_little_box, shop,
          nicolae_shop_overgrown_old_shop, shop
Sewer:    sewer_minmay_treatment

Skill      XL: |  1  2  3  4  5  6  7  8  9 10 |
---------------+-------------------------------+-----
Fighting       | 4 5 6 7 9 10 | 10.0
Axes           | 3 4 5 6 8 10 12 | 12.1
Invocations    | 2 |  2.2
Armour         | |  3.2
Shields        | |  3.6

Action                   |  1- 3 |  4- 6 |  7- 9 | 10-12 || total
-------------------------+-------+-------+-------+-------++-------
Melee: War axe           |    86 |   195 |   430 |   144 ||   855
       Battleaxe         |       |       |       |    24 ||    24
Invok: Heroism           |       |       |     6 |     2 ||     8
  Use: Potion            |       |     1 |     1 |     5 ||     7
       Scroll            |       |       |    11 |       ||    11
  Eat: Chunk             |       |     3 |    10 |     1 ||    14
       Pizza             |       |       |     1 |     1 ||     2
       Beef jerky        |       |       |     2 |       ||     2
Armor: Scale mail        |    23 |    74 |    97 |       ||   194
       Chain mail        |       |       |    46 |   100 ||   146
Dodge: Dodged            |    23 |    62 |   141 |    50 ||   276
Block: Shield            |    35 |   104 |   263 |   144 ||   546
